 Dungeon Crawl Stone Soup version 0.28-a0-384-g9e0c098162 (webtiles) character file.

Game seed: 4679563387451782803

38 frimble the Chopper (level 3, -2/28 HPs)
             Began as a Demonspawn Gladiator on Sept 3, 2021.
             Killed by divine providence
             ... invoked by an orc priest
              (12 damage)
             ... on level 3 of the Dungeon.
             The game lasted 00:01:51 (1512 turns).

frimble the Chopper (Demonspawn Gladiator)          Turns: 1512, Time: 00:01:51

Health: -2/28      AC:  5    Str: 14    XL:     3   Next: 25%
Magic:  0/3        EV: 12    Int: 10    God:
Gold:   106        SH:  0    Dex: 14    Spells: 2/2 levels left

rFire   + + .      SeeInvis .   a - +0 war axe
rCold   . . .      Faith    .   (no shield)
rNeg    . . .      Spirit   +   h - +1 leather armour {rF+}
rPois   .          Reflect  .   c - +0 helmet
rElec   .          Harm     .   (no cloak)
rCorr   +          Rampage  .   (no gloves)
Will    .....                   (no boots)
Stlth   ++........              f - amulet of guardian spirit
HPRegen 0.09/turn               i - ring of protection from fire
MPRegen 0.08/turn               k - ring of resist corrosion

@: no status effects
A: spiny 1, sturdy frame 1
a: no special abilities


You were on level 3 of the Dungeon.
You visited 1 branch of the dungeon, and saw 3 of its levels.

You collected 106 gold pieces.

Inventory:

Hand Weapons
 a - a +0 war axe (weapon)
Missiles
 d - 2 throwing nets (quivered)
Armour
 c - a +0 helmet (worn)
 g - a +0 buckler
 h - a +1 leather armour of fire resistance (worn)
Jewellery
 f - an amulet of guardian spirit (around neck)
 i - a ring of protection from fire (left hand)
 k - a ring of resist corrosion (right hand)
Potions
 b - a potion of degeneration {unknown}
 e - 2 potions of heal wounds {unknown}
 j - a potion of might {unknown}


   Skills:
 + Level 2.5 Fighting
 + Level 3.0 Axes
 + Level 2.3 Throwing
 - Level 2.7 Dodging
 - Level 1.0 Stealth
 + Level 0.3 Shields


You had 2 spell levels left.
You didn't know any spells.
Your spell library was empty.

Dungeon Overview and Level Annotations

Branches:
Dungeon (3/15)

Altars:


Innate Abilities, Weirdness & Mutations

You are partially covered in sharp spines.
Your movements are slightly less encumbered by armour. (ER -2)


Message History

No target in view!
You see here a +2 short sword of speed.
You see here an amulet of guardian spirit.
An orc comes into view. It is wielding a +0 dagger.
An orc is nearby!
An orc is nearby!
An orc is nearby!
The orc shouts!
You hear a shout! x2
An orc comes into view. It is wielding a +0 hand axe.
An orc priest comes into view. It is wielding a +0 dagger.
You see here a +0 leather armour.
The orc priest invokes the aid of Beogh against you.
Beogh smites you!
You closely miss the orc. You barely miss the orc priest.
You closely miss the orc. The orc priest closely misses you.
The orc hits you but does no damage.
The orc priest is struck by your spines.
The orc priest hits you but does no damage.
The orc hits you but does no damage.
You closely miss the orc priest.
The orc priest is lightly wounded.
You closely miss the orc. You hit the orc. The orc hits you but does no damage.
The orc is struck by your spines. The orc hits you with a +0 hand axe.
The orc priest invokes the aid of Beogh against you.
Pain shoots through your body! The orc is struck by your spines.
You kill the orc!
You are too injured to fight recklessly!
You are too injured to fight recklessly!
You are too injured to fight recklessly!
You are too injured to fight recklessly!
You are too injured to fight recklessly!
You are too injured to fight recklessly!
Throw: 3 throwing nets
Press: ? - help, Q - select action Shift-Dir - straight line, f - orc priest
Aim: an orc priest, wielding a +0 dagger and wearing a +0 leather armour (lightly wounded, 60% to hit)
You throw a throwing net.
The throwing net barely misses the orc priest.
The orc priest invokes the aid of Beogh against you.
Beogh smites you!
You die...

##.........#
..........
#........
#....... #(.....
####.....
...#.oo# #.#.)@#
#....[# ##....###
#..."...#
......#...###
##....#######.#.#
. ..... ###...#
..#.... ##....##
....>.. #..#.##


You could see an orc priest and an orc.

Vanquished Creatures
  An adder (D:2)
  A dart slug (D:1)
  An orc (D:3)
  4 bats
  3 goblins (D:2)
  A hobgoblin (D:1)
  3 jackals (D:1)
  4 ball pythons
  2 frilled lizards
  3 kobolds
  6 rats
29 creatures vanquished.

Notes
Turn   | Place    | Note
-------+----------+-------------------------------------------
     0 | D:1      | frimble the Demonspawn Gladiator began the quest for the
                  | Orb.
     0 | D:1      | Reached XP level 1. HP: 16/16 MP: 1/1
   238 | D:1      | Gained mutation: Your movements are slightly less
                  | encumbered by armour. (ER -2) [demonic ancestry]
   238 | D:1      | Reached XP level 2. HP: 19/22 MP: 2/2
  1093 | D:2      | Reached skill level 1 in Stealth
  1160 | D:2      | Reached skill level 3 in Axes
  1312 | D:2      | Gained mutation: You are partially covered in sharp spines.
                  | [demonic ancestry]
  1312 | D:2      | Reached XP level 3. HP: 19/28 MP: 1/3
  1512 | D:3      | Killed from afar by an orc priest

Illustrated notes

Levels and vault maps discovered:
D:1:      tarquinn_simple_flora_water_d, layout_basic
D:2:      layout_rooms, hangedman_decor_peaks_small
D:3:      layout_rooms, st_stairs_6

Skill      XL: |  1  2 |
---------------+-------+-----
Throwing       | 2 |  2.3
Stealth        | 1 |  1.0
Axes           | 3 |  3.0
Fighting       | |  2.5
Dodging        | |  2.7
Shields        | |  0.3

Action                   || total
-------------------------++-------
Melee: War axe           ||    66
Throw: Throwing net      ||     2
  Use: Scroll            ||     3
 Stab: Sleeping          ||     2
Armor: Leather armour    ||    29
Dodge: Dodged            ||    53

Table legend: (Time is in decaauts)
 A = Elapsed time spent in this place.
 B = Non-inter-level travel time spent in this place.
 C = Inter-level travel time spent in this place.
 D = Time resting spent in this place.
 E = Time spent auto-exploring this place.
 F = Levels seen in this place.
 G = Mean time per level.
                   A        B        C        D        E       F      G
               +--------+--------+--------+--------+--------+-----+--------+
         Total |   1533 |   1458 |     75 |      0 |   1234 |   3 |  511.0 |
       Dungeon |   1533 |   1458 |     75 |      0 |   1234 |   3 |  511.0 |
               +--------+--------+--------+--------+--------+-----+--------+

Top non-repeatable levels by time:
     D:1: 918 daAuts
     D:2: 567 daAuts
     D:3: 48 daAuts
